 Dungeon Crawl Stone Soup version 0.28.0-53-g5a82cb258f (webtiles) character file.

Game seed: 9744445145673635707

12025 Peedeoo7 the Grappler (level 11, -6/156 HPs)
             Began as a Green Draconian Transmuter on May 28, 2022.
             Was a Believer of Wu Jian.
             Killed from afar by a molten gargoyle (20 damage)
             ... with a bolt of magma
             ... on level 10 of the Dungeon on June 1, 2022.
             The game lasted 01:54:11 (11776 turns).

Peedeoo7 the Grappler (Green Draconian Transmuter) Turns: 11776, Time: 01:54:11

Health: -6/156     AC: 14    Str: 17    XL:     11   Next: 57%
Magic:  19/19      EV: 17    Int: 13    God:    Wu Jian [**....]
Gold:   1122       SH: 10    Dex: 10    Spells: 12/20 levels left

rFire   + . .      SeeInvis +     - Unarmed
rCold   . . .      Faith    .   t - +0 buckler
rNeg    . . .      Spirit   .   (armour unavailable)
rPois   +          Reflect  +   (helmet restricted)
rElec   .          Harm     .   N - +2 cloak
rCorr   .          Rampage  .   d - +1 pair of gloves
Will    .....                   y - +1 pair of boots
Stlth   ..........              l - amulet of reflection
HPRegen 0.36/turn               F - ring of see invisible
MPRegen 0.16/turn               K - ring of Quezoe {Fly rF+ EV+4 Dex-2}

@: berserking, flying, very quick
A: breathe noxious fumes, AC +7, unfitting armour, poison resistance,
cold-blooded, sense surroundings 1, robust 1
a: Breathe Noxious Fumes, Renounce Religion, Wall Jump


You were on level 10 of the Dungeon.
You worshipped Wu Jian.
Wu Jian was pleased with you.
You visited 2 branches of the dungeon, and saw 11 of its levels.
You also visited: Sewer and Bailey.

You collected 1122 gold pieces.

Inventory:

Hand Weapons
 f - a +2 hunting sling of freezing
Missiles
 g - 218 stones
 h - 20 bolts
 m - 12 boomerangs
 n - 126 sling bullets
 q - 70 poisoned darts (quivered)
 s - 6 curare-tipped darts
 D - 8 datura-tipped darts
Armour
 c - a +2 tower shield
 d - a +1 pair of gloves (worn)
 t - a +0 buckler (worn)
 y - a +1 pair of boots (worn)
 N - a +2 cloak (worn)
Jewellery
 l - an amulet of reflection (around neck)
 F - a ring of see invisible (left hand)
 G - a ring of positive energy
 K - the ring of Quezoe (right hand) {Fly rF+ EV+4 Dex-2}
   (You found it on level 8 of the Dungeon)

   [ring of evasion]

   EV:        It affects your evasion (+4).
   Dex:       It affects your dexterity (-2).
   rF:        It protects you from fire.
   Fly:       It grants you flight.
Wands
 w - a wand of flame (14)
 E - a wand of acid (9)
Scrolls
 a - a scroll of immolation
 i - 3 scrolls of amnesia
 p - 2 scrolls of brand weapon {unknown}
 x - 2 scrolls of enchant weapon {unknown}
 A - a scroll of vulnerability {unknown}
 B - 2 scrolls of teleportation {unknown}
 C - 3 scrolls of fear {unknown}
 L - a scroll of blinking {unknown}
Potions
 b - a potion of mutation
 e - 2 potions of resistance
 j - 6 potions of curing
 k - 2 potions of flight
 o - a potion of cancellation
 r - a potion of berserk rage
 z - a potion of haste {unknown}
 I - a potion of heal wounds {unknown}


   Skills:
 * Level 8.4 Fighting
 + Level 8.3 Throwing
 + Level 5.3 Dodging
 + Level 4.0 Stealth
 + Level 5.0 Shields
 + Level 9.3 Unarmed Combat
 + Level 5.4 Spellcasting
 + Level 5.1 Transmutations
 + Level 1.0 Poison Magic
 + Level 0.2 Evocations


You had 12 spell levels left.
You knew the following spells:

 Your Spells              Type           Power      Damage    Failure   Level
a - Beastly Appendage     Tmut           32%        N/A       2%          1
b - Wereblood             Tmut           16%        N/A       4%          2
c - Spider Form           Tmut/Pois      11%        N/A       19%         3
e - Passwall              Tmut/Erth      8%         N/A       12%         2

Your spell library contained the following spells:

 Spells                   Type           Power      Damage    Failure   Level
 Sting                    Tmut/Pois      44%        1d5       6%          1
 Shock                    Conj/Air       12%        1d3       22%         1
 Poisonous Vapours        Pois/Air       8%         N/A       28%         2
 Ensorcelled Hibernation  Hex/Ice        6%         N/A       34%         2
 Call Canine Familiar     Summ           3%         N/A       56%         3
 Gell's Gravitas          Tloc           3%         N/A       56%         3
 Portal Projectile        Hex/Tloc       6%         N/A       56%         3
 Swiftness                Air            3%         N/A       56%         3
 Teleport Other           Tloc           3%         N/A       56%         3
 Ice Form                 Ice/Tmut       10%        N/A       61%         4
 Blade Hands              Tmut           8%         N/A       61%         5
 Olgreb's Toxic Radiance  Pois           6%         N/A       83%         4
 Airstrike                Air            1%         N/A       92%         4
 Leda's Liquefaction      Hex/Erth       1%         N/A       92%         4
 Fireball                 Conj/Fire      1%         3d3       99%         5
 Iskenderun's Battlesphe  Conj           3%         2d6       99%         5
 Conjure Ball Lightning   Conj/Air       1%         3x3d6     100%        6
 Dispersal                Tloc           1%         N/A       100%        6
 Iron Shot                Conj/Erth      1%         9d1       100%        6
 Orb of Destruction       Conj           1%         9d5       100%        7
 Animate Armour           Summ/Erth      Unusable   N/A       N/A         4

Dungeon Overview and Level Annotations

Branches:
Dungeon (10/15)            Temple (1/1) D:6            Lair (0/6) D:9
    Orc (0/2) D:9           Sewer (visited)          Bailey (visited)

Altars:
Ashenzari
Cheibriados
Dithmenos
Elyvilon
Fedhas
Gozag
Hepliaklqana
Kikubaaqudgha
Makhleb
Nemelex Xobeh
Okawaru
Qazlal
Ru
Sif Muna
Trog
Uskayaw
Vehumet
Wu Jian
Xom
Yredelemnul
Zin
The Shining One

Shops:
D:10 *


Innate Abilities, Weirdness & Mutations

You can breathe blasts of noxious fumes.
Your lurid green scales are hard. (AC +7)
You cannot fit into any form of body armour.
Your system is resistant to poisons. (rPois)
You are cold-blooded and may be slowed by cold attacks.
You passively map a small area around you.
You are robust. (+10% HP)


Message History

You hit the molten gargoyle but do no damage.
You tail-slap the molten gargoyle, but do no damage.
The molten gargoyle is heavily damaged.
You hit the molten gargoyle.
The molten gargoyle is severely damaged.
You block the molten gargoyle's attack.
You punch the molten gargoyle!
The molten gargoyle is almost destroyed.
The molten gargoyle blasts magma at you!
The bolt of magma hits you! You partially resist.
* * * LOW HITPOINT WARNING * * *
You hit the molten gargoyle.
You destroy the molten gargoyle!
The Council accepts your kill.
The molten gargoyle blasts magma at you!
The bolt of magma hits you! You partially resist.
* * * LOW HITPOINT WARNING * * *
Your Shields skill increases to level 5!
You are too berserk!
You lunge at the molten gargoyle.
You barely miss the molten gargoyle. You tail-slap the molten gargoyle.
The molten gargoyle is lightly damaged.
The molten gargoyle hits you with a +0 flail.
* * * LOW HITPOINT WARNING * * *
You are engulfed in flames.
You resist.
* * * LOW HITPOINT WARNING * * *
You see here a +0 mace.
You hit the molten gargoyle.
The molten gargoyle is lightly damaged.
You closely miss the molten gargoyle.
The molten gargoyle is lightly damaged.
You block the molten gargoyle's attack.
You hit the molten gargoyle.
Your tail-slap misses the molten gargoyle.
The molten gargoyle is moderately damaged.
You hit the molten gargoyle but do no damage.
The molten gargoyle is moderately damaged.
The molten gargoyle blasts magma at you!
The bolt of magma hits you!! You partially resist.
You die...

, , .≈≈≈§§§.#..)...... *
* .. #.≈≈≈§§§§.#.##.....
.(. .≈§≈88§§§#..##.....
....,#.§≈88§§≈.#.##.....
, ..#.≈§≈≈≈§§§#.......##
,.(#.§≈≈≈§≈..#.####.# ,
* * , #(..§.[(..#..# #.#
,#9#.#.#.#.#.# #.# ,
...#.#@#.#.#.#..# #. #
...........##....# * ,
#########..#####.#######
, #..# #.##.. .. #####
#..# #.##.#*#. , #...#
#..# #.##.# #. ** #...#
##.# #.##.# #. #...# #.#
#....###. #...######.#
#........


You could see a molten gargoyle.

Vanquished Creatures
  Harold (D:7)
  2 two-headed ogres
  Urug (D:10)
  Joseph (D:8)
  3 molten gargoyles (D:10)
  Maurice (D:8)
  Maggie (D:8)
  Prince Ribbit (D:6)
  5 wyverns
  A steam dragon (D:8)
  3 wargs (D:9)
  4 water moccasins
  Edmund (D:6)
  An ice beast (D:5)
  A black bear (D:9)
  5 orc warriors
  A hornet zombie (D:9)
  A sky beast (D:5)
  An ogre (D:6)
  2 wolves (D:9)
  6 centaurs
  2 phantoms
  4 bullfrogs (D:8)
  16 kobold brigands
  3 gnoll sergeants
  3 scorpions
  A wyvern zombie (D:7)
  A wyvern skeleton (D:7)
  7 killer bees
  3 howler monkeys (D:7)
  8 wights (D:6)
  An electric eel (D:9)
  A bullfrog zombie (D:5)
  5 centaur zombies
  A bullfrog skeleton (D:7)
  2 jellies (D:5)
  An orc priest (D:8)
  2 centaur skeletons (D:7)
  3 iguanas (D:5)
  A scorpion zombie (D:4)
  6 orc wizards
  23 gnolls
  5 adders
  A river rat (Sewer)
  A shadow imp (D:5)
  A white imp (D:7)
  4 worms
  A dart slug (D:1)
  20 orcs
  4 bats
  10 endoplasms
  A giant cockroach (D:2)
  8 goblins
  4 hobgoblins
  2 jackals (D:2)
  37 kobolds
  A quokka (D:5)
  8 ball pythons
  5 frilled lizards
  7 rats
257 creatures vanquished.

Vanquished Creatures (collateral kills)
  Psyche (D:8)
  2 killer bees (D:9)
  A ball python (D:5)
  A giant cockroach (D:5)
  A rat (D:5)
6 creatures vanquished.

Vanquished Creatures (others)
  A kobold brigand (D:8)
  A kobold (Sewer)
  2 fungi (D:9)
  33 plants
37 creatures vanquished.

Grand Total: 300 creatures vanquished

Notes
Turn   | Place    | Note
-------+----------+-------------------------------------------
     0 | D:1      | Peedeoo7 the Draconian Transmuter began the quest for the
                  | Orb.
     0 | D:1      | Reached XP level 1. HP: 16/16 MP: 3/3
   285 | D:1      | Reached XP level 2. HP: 17/23 MP: 3/5
   294 | D:1      | Found a faded altar of an unknown god.
   998 | D:2      | Reached XP level 3. HP: 28/28 MP: 4/6
  1868 | D:3      | Learned a level 2 spell: Wereblood
  1945 | D:3      | Noticed a phantom
  2015 | D:3      | Reached XP level 4. HP: 23/35 MP: 5/8
  2434 | D:3      | Identified the +2 spear of Grandeur {freeze, Fragile rCorr
                  | Dex+7}
  2783 | D:4      | Reached skill level 4 in Unarmed Combat
  2783 | D:4      | Reached XP level 5. HP: 30/40 MP: 8/10
  3818 | D:3      | Killed a phantom
  3900 | D:3      | Reached XP level 6. HP: 33/47 MP: 11/11
  3985 | D:5      | Entered Level 5 of the Dungeon
  4185 | D:5      | Noticed a sky beast
  4189 | D:5      | Found a glowing drain.
  4203 | D:5      | Killed a sky beast
  4221 | Sewer    | Entered a sewer
  4367 | Sewer    | Reached skill level 1 in Shields
  4423 | Sewer    | Reached skill level 1 in Stealth
  4423 | Sewer    | Your scales start taking on a lurid green colour.
  4423 | Sewer    | Reached XP level 7. HP: 39/56 MP: 11/13
  4423 | Sewer    | Gained mutation: Your system is resistant to poisons.
                  | (rPois) [Green Draconian growth]
  4750 | Sewer    | Reached skill level 5 in Unarmed Combat
  4955 | Sewer    | Learned a level 3 spell: Spider Form
  4999 | D:5      | Identified the +1 chain mail of Wicked the Leaf {rF- Str+3}
  5069 | D:5      | Reached XP level 8. HP: 42/63 MP: 14/14
  5271 | D:5      | Learned a level 1 spell: Sting
  5593 | D:5      | Reached skill level 6 in Unarmed Combat
  5843 | D:6      | Noticed Edmund
  5856 | D:6      | Killed Edmund
  6370 | D:7      | Found a flagged portal.
  6389 | Bailey   | Entered a bailey
  6440 | Bailey   | Reached skill level 1 in Throwing
  6487 | Bailey   | Reached skill level 5 in Fighting
  6564 | Bailey   | Reached skill level 5 in Spellcasting
  6564 | Bailey   | Reached XP level 9. HP: 74/74 MP: 11/16
  6711 | Bailey   | Found a burning altar of Makhleb.
  6718 | Bailey   | Reached skill level 1 in Poison Magic
  6780 | Bailey   | Learned a level 2 spell: Passwall
  7171 | D:7      | Noticed Harold
  7585 | D:6      | Reached skill level 7 in Unarmed Combat
  7831 | D:6      | Noticed Prince Ribbit
  7842 | D:6      | Killed Prince Ribbit
  7861 | D:6      | Found a staircase to the Ecumenical Temple.
  7870 | Temple   | Entered the Ecumenical Temple
  8147 | Temple   | Became a worshipper of the Wu Jian Council
  8406 | D:8      | Identified the ring of Quezoe {Fly rF+ EV+4 Dex-2}
  8440 | D:8      | Reached skill level 5 in Throwing
  8440 | D:8      | Reached skill level 5 in Transmutations
  8637 | D:8      | Reached XP level 10. HP: 76/83 MP: 16/18
  8851 | D:8      | Noticed Maurice
  8924 | D:8      | Gained mutation: You are robust. (+10% HP) [potion of
                  | mutation]
  8924 | D:8      | Gained mutation: You passively map a small area around you.
                  | [potion of mutation]
  9141 | D:8      | Reached * piety under Wu Jian
  9151 | D:8      | Noticed Maggie
  9173 | D:8      | Noticed Joseph
  9189 | D:8      | Killed Joseph
  9205 | D:8      | Noticed Psyche
  9293 | D:8      | Noticed a two-headed ogre
  9302 | D:8      | Killed a two-headed ogre
  9319 | D:8      | Killed Psyche
  9320 | D:8      | Killed Maggie
  9444 | D:8      | Killed Maurice
  9554 | D:8      | Reached skill level 8 in Unarmed Combat
  9704 | D:7      | Killed Harold
  9824 | D:9      | Noticed a two-headed ogre
 10016 | D:9      | Killed a two-headed ogre
 10186 | D:9      | Reached XP level 11. HP: 84/101 MP: 19/19
 10187 | D:9      | Found a staircase to the Lair.
 10369 | D:9      | Found a hide-covered altar of Uskayaw.
 10531 | D:9      | Reached ** piety under Wu Jian
 10653 | D:9      | Found a staircase to the Orcish Mines.
 10927 | D:10     | Entered Level 10 of the Dungeon
 10932 | D:10     | Found Udwo's General Store.
 11035 | D:10     | Reached skill level 5 in Dodging
 11138 | D:10     | Found a blossoming altar of Fedhas.
 11180 | D:10     | Noticed Urug
 11197 | D:10     | Killed Urug
 11198 | D:10     | Reached skill level 9 in Unarmed Combat
 11772 | D:10     | Reached skill level 5 in Shields
 11776 | D:10     | Killed from afar by a molten gargoyle

Illustrated notes

Levels and vault maps discovered:
D:1:      dpeg_arrival_rooms_a, layout_basic,
          dreamdust_ecumenical_altar_statues, amcnicky_mini_corridor_feature
D:2:      layout_loops_ring, minmay_crystal_water, grunt_decor_clamped
D:3:      layout_basic
D:4:      layout_layer_cave, nicolae_concentric_dashed_squares_mild,
          kennysheep_dice
D:5:      layout_loops_ring, portal_sewer_entry_b
D:6:      layout_cave_pods, lemuel_temple_firewalk_b, uniq_prince_ribbit1,
          uniq_edmund
D:7:      layout_basic, enter_bailey_7, item_on_display_a, uniq_harold
D:8:      layout_loops_corners, serial_glass, glass_columns_b, glass_columns_a,
          uniq_maggie, uniq_joseph, uniq_maurice, uniq_psyche
D:9:      layout_loops_ring, overflow_temple_1_default, minmay_lair_entry_grove,
          minmay_orc_entry_guard_dogs, serial_bayou_lake_a
D:10:     layout_basic, fedhas_altar_3, serial_shops, kennysheep_little_box,
          minivault_8, uniq_urug
Temple:   mainiacjoe_temple_big_plus

Skill      XL: |  1  2  3  4  5  6  7  8  9 10 11 |
---------------+----------------------------------+-----
Dodging        | 2 3 4 5 |  5.3
Spellcasting   | 3 4 5 |  5.4
Unarmed Combat | 4 5 6 7 8 9 |  9.3
Transmutations | 3 4 5 |  5.1
Fighting       | 2 3 5 6 7 8 |  8.4
Shields        | 1 2 3 4 5 |  5.0
Stealth        | 1 2 3 4 |  4.0
Throwing       | 1 5 7 8 |  8.3
Poison Magic   | 1 |  1.0
Evocations     | |  0.2

Action                   |  1- 3 |  4- 6 |  7- 9 | 10-12 || total
-------------------------+-------+-------+-------+-------++-------
Melee: Unarmed           |   109 |   123 |   409 |   328 ||   969
       Kick              |    18 |    19 |    53 |     4 ||    94
       Headbutt          |    12 |    12 |    43 |       ||    67
       Tailslap          |     6 |    13 |    54 |    47 ||   120
       Punch             |     2 |     2 |       |       ||     4
 Fire: Hunting sling     |       |       |       |     6 ||     6
Throw: Boomerang         |       |       |    99 |    83 ||   182
       Dart              |       |       |    26 |    68 ||    94
       Throwing net      |       |       |       |     2 ||     2
       Stone             |       |       |       |     1 ||     1
 Cast: Beastly Appendage |    26 |    22 |    35 |     2 ||    85
       Wereblood         |       |     7 |     7 |     3 ||    17
       Spider Form       |       |       |     6 |       ||     6
       Sting             |       |       |     1 |       ||     1
       Passwall          |       |       |     2 |       ||     2
Invok: Lunge             |       |       |     2 |    27 ||    29
       Whirlwind         |       |       |       |     4 ||     4
 Abil: Breathe Noxious F |       |       |    17 |    15 ||    32
Evoke: Wand              |       |       |     1 |     6 ||     7
  Use: Scroll            |     1 |     8 |     4 |     4 ||    17
       Potion            |       |       |     1 |     5 ||     6
 Stab: Confused          |       |       |     7 |     7 ||    14
       Sleeping          |       |       |     3 |       ||     3
       Held in net/web   |       |       |       |     1 ||     1
Armor: Skin              |    21 |    27 |    61 |    78 ||   187
Dodge: Dodged            |    61 |    44 |   194 |   153 ||   452
Block: Other             |     1 |    15 |     8 |       ||    24
       Buckler           |       |    23 |   120 |   144 ||   287
       Reflection        |       |     1 |     9 |     8 ||    18
